 Dungeon Crawl Stone Soup version 0.30-a0-1075-gcd70e7a56d (webtiles) character file.

Game seed: 4794754394921679737

74 123456 the Digger (level 4, -2/24 HPs)
             Began as a Gargoyle Earth Elementalist on Apr 14, 2023.
             Killed by divine providence
             ... invoked by an orc priest
              (13 damage)
             ... on level 3 of the Dungeon.
             The game lasted 00:03:26 (2121 turns).

123456 the Digger (Gargoyle Earth Elementalist)     Turns: 2121, Time: 00:03:26

Health: -2/24      AC:  9    Str: 12    XL:     4   Next: 30%
Magic:  8/8        EV: 12    Int: 17    God:
Gold:   41         SH:  0    Dex: 10    Spells: 2/8 levels left

rFire   . . .      SeeInvis .    k - +0 dagger (elec)
rCold   . . .      Faith    .    (no shield)
rNeg    + . .      Spirit   .    a - +0 robe
rPois   ∞          Reflect  .    (no helmet)
rElec   +          Rampage  .    d - +2 cloak
rCorr   .                        (no gloves)
Will    .....                    h - +0 pair of boots
Stlth   ++                       (no amulet)
HPRegen 0.24/turn                (no ring)
MPRegen 0.11/turn                (no ring)

@: no status effects
A: sickness immunity, AC +3, negative energy resistance 1, electricity
resistance, torment resistance 1, petrification resistance
a: no special abilities


You were on level 3 of the Dungeon.
You visited 1 branch of the dungeon, and saw 3 of its levels.

You collected 136 gold pieces.
You spent 95 gold pieces at shops.

Inventory:

Hand Weapons
 k - a +0 dagger of electrocution (weapon)
Armour
 a - a +0 robe (worn)
 d - a +2 cloak (worn)
 h - a +0 pair of boots (worn)
Scrolls
 e - a scroll of enchant weapon {unknown}
 g - 2 scrolls of fear {unknown}
 j - 2 scrolls of blinking
 l - 2 scrolls of teleportation
 m - a scroll of poison {unknown}
 p - a scroll of brand weapon
Potions
 b - a potion of magic
 c - 3 potions of resistance {unknown}
 f - 3 potions of curing {unknown}
 i - a potion of invisibility {unknown}
 n - a potion of berserk rage {unknown}
 o - a potion of brilliance {unknown}
 q - a potion of cancellation {unknown}


   Skills:
 + Level 1.9 Dodging
 + Level 2.9 Stealth
 * Level 2.8 Spellcasting
 + Level 0.9 Conjurations
 - Level 0.7 Transmutations
 * Level 4.4 Earth Magic


You had 2 spell levels left.
You knew the following spells:

 Your Spells              Type           Power      Damage    Failure   Level
a - Sandblast             Erth           34%        2d9       2%          1
b - Stone Arrow           Conj/Erth      22%        3d8       17%         3
c - Passwall              Tmut/Erth      9%         N/A       10%         2

Your spell library contained the following spells:

 Spells                   Type           Power      Damage    Failure   Level
 Lesser Beckoning         Tloc           4%         N/A       26%         2
 Gell's Gravitas          Tloc           2%         N/A       47%         3
 Teleport Other           Tloc           2%         N/A       47%         3
 Petrify                  Tmut/Erth      11%        N/A       52%         4


Dungeon Overview and Level Annotations

Branches:
Dungeon (3/15)

Altars:

Shops:
D:2 [:?:(


Innate Abilities, Weirdness & Mutations

You are immune to sickness and miasma.
Your stone body is resilient. (AC +3)
You are immune to poison.
You resist negative energy. (rN+)
You are resistant to electric shocks. (rElec)
You are resistant to unholy torment.
You are immune to petrification.


Message History

You climb upwards.
There is a stone staircase leading down here.
You hit the orc but do no damage. Lightning courses through the orc!
You kill the orc!
The quokka misses you. The frilled lizard closely misses you.
The quokka barely misses you.
You barely miss the quokka.
The frilled lizard bites you but does no damage.
The quokka bites you but does no damage.
You hit the quokka but do no damage. Lightning courses through the quokka!
You kill the quokka!
The frilled lizard bites you but does no damage.
You completely miss the frilled lizard.
The frilled lizard bites you but does no damage.
You closely miss the frilled lizard.
The frilled lizard bites you but does no damage.
You closely miss the frilled lizard. The frilled lizard bites you.
You barely miss the frilled lizard.
The frilled lizard bites you but does no damage.
You miss the frilled lizard. The frilled lizard barely misses you.
You barely miss the frilled lizard.
The frilled lizard bites you but does no damage.
You hit the frilled lizard.
You kill the frilled lizard!
No target in view!
No target in view!
You start resting.
HP restored.
You start waiting.
Done waiting.
You climb downwards.
The orc priest mumbles some strange prayers to Beogh against you.
Beogh smites you!
Ouch! That really hurt!
The orc priest begins to cast a cantrip, but forgets the words!
There is a stone staircase leading up here.
The orc priest mumbles some strange prayers to Beogh against you.
Beogh smites you!
Ouch! That really hurt!
You die...

#.. ..## ...#
.########.<.#
.....#......#
............##
.......).....#≈
.......@o.....≈
...>!.........#
![)!..........#
....?..$......#
!..........o..#
..............#
.....#........#
####.####......


You could see 2 orc priests.

Vanquished Creatures
  An adder (D:2)
  2 worms (D:2)
  2 dart slugs (D:2)
  2 orcs
  3 endoplasms
  2 giant cockroaches (D:1)
  8 goblins
  5 hobgoblins
  A kobold (D:1)
  5 quokkas
  5 ball pythons
  6 bats
  4 frilled lizards
  4 rats
50 creatures vanquished.

Notes
Turn   | Place    | Note
-------+----------+-------------------------------------------
     0 | D:1      | 123456 the Gargoyle Earth Elementalist began the quest for
                  | the Orb.
     0 | D:1      | Reached XP level 1. HP: 10/10 MP: 3/3
   188 | D:1      | Reached XP level 2. HP: 15/15 MP: 3/5
   339 | D:1      | Reached skill level 4 in Earth Magic
   766 | D:1      | Reached XP level 3. HP: 19/19 MP: 1/6
   770 | D:1      | Learned a level 3 spell: Stone Arrow
   915 | D:2      | Found Pyruloff's Antique Weapon Emporium.
  1075 | D:2      | Found Horoecy's Book Emporium.
  1261 | D:2      | Found Asmu's Antique Armour Emporium.
  1437 | D:2      | Reached XP level 4. HP: 24/24 MP: 6/8
  1714 | D:2      | Learned a level 2 spell: Passwall
  1714 | D:2      | Found Qymierom's Magic Scroll Boutique.
  1715 | D:2      | Found Jimp's Book Boutique.
  1761 | D:2      | Bought a scroll of brand weapon for 95 gold pieces
  2121 | D:3      | Killed from afar by an orc priest

Illustrated notes

Levels and vault maps discovered:
D:1:      nzn_arrival_depleted_hourglass, layout_basic, serial_bayou_pond_a
D:2:      layout_basic, serial_shops, shop, shop,
          nicolae_shop_temple_entry_statues_fountains, shop, shop,
          minmay_tetromino_l2
D:3:      layout_rooms, lightli_temple_of_fire, nicolae_overflow_crystal_walls,
          uniq_natasha, uniq_crazy_yiuf_cottage

Skill      XL: |  1  2 |
---------------+-------+-----
Earth Magic    | 4 |  4.4
Dodging        | |  1.9
Stealth        | |  2.9
Spellcasting   | |  2.8
Conjurations   | |  0.9
Transmutations | |  0.7

Action                     |  1- 3 |  4- 6 || total
---------------------------+-------+-------++-------
  Melee: Dagger            |    17 |    10 ||    27
   Cast: Sandblast         |    55 |    14 ||    69
    Use: Scroll            |     2 |       ||     2
   Stab: Sleeping          |     1 |       ||     1
 Armour: Robe              |    20 |    11 ||    31
  Dodge: Dodged            |    38 |    15 ||    53

Table legend: (Time is in decaauts)
 A = Elapsed time spent in this place.
 B = Non-inter-level travel time spent in this place.
 C = Inter-level travel time spent in this place.
 D = Time resting spent in this place.
 E = Time spent auto-exploring this place.
 F = Levels seen in this place.
 G = Mean time per level.
                   A        B        C        D        E       F      G
               +--------+--------+--------+--------+--------+-----+--------+
         Total |   2161 |   2107 |     54 |    227 |   1549 |   3 |  720.3 |
       Dungeon |   2161 |   2107 |     54 |    227 |   1549 |   3 |  720.3 |
               +--------+--------+--------+--------+--------+-----+--------+

Top non-repeatable levels by time:
     D:2: 1236 daAuts
     D:1: 915 daAuts
     D:3: 8 daAuts
